 Dungeon Crawl Stone Soup version 0.32-a0-599-gba8f9cf90e (webtiles) character file.

Game seed: 584003547914325694

674 ragingrage the Shooter (level 7, -9/52 HPs)
             Began as a Formicid Delver on Mar 3, 2024.
             Mangled by an ogre
             ... wielding a +0 giant club
              (23 damage)
             ... on level 4 of the Dungeon.
             The game lasted 00:02:36 (969 turns).

ragingrage the Shooter (Formicid Delver)             Turns: 969, Time: 00:02:37

Health: -9/52      AC:  4    Str: 16    XL:     7   Next: 90%
Magic:  7/7        EV: 12    Int: 10    God:
Gold:   73         SH:  5    Dex: 17    Spells: 6/6 levels left

rFire   . . .        a - +0 short sword
rCold   . . .        (no shield)
rNeg    + . .        j - +1 robe {rN+}
rPois   .            (helmet unavailable)
rElec   .            (no cloak)
rCorr   .            (no gloves)
SInv    +            m - +0 pair of boots
Will    +....        i - amulet of reflection
Stlth   +++          (no ring)
HPRegen 0.28/turn    (no ring)
MPRegen 0.10/turn

%: reflection
@: enlightened, flying
A: permanent stasis, dig shafts and tunnels, antennae 3, four strong arms
a: Dig, Shaft Self


You were on level 4 of the Dungeon.
You visited 1 branch of the dungeon, and saw 4 of its levels.

You collected 73 gold pieces.

Inventory:

Hand Weapons
 a - a +0 short sword (weapon)
 b - a +0 orcbow
Armour
 j - a +1 robe of positive energy (worn)
 m - a +0 pair of boots (worn)
Jewellery
 i - an amulet of reflection (around neck)
Wands
 f - a wand of digging (3)
 g - a wand of mindburst (2)
Scrolls
 c - a scroll of fog
 d - a scroll of revelation
 e - a scroll of fear
 h - a scroll of amnesia {unknown}
 k - a scroll of identify {unknown}


   Skills:
 - Level 3.2 Fighting
 - Level 4.8 Short Blades
 + Level 6.5 Ranged Weapons
 - Level 1.7 Dodging
 - Level 6.0 Stealth


You had 6 spell levels left.
You didn't know any spells.
Your spell library contained the following spells:

 Spells                   Type           Power      Damage    Failure   Level
 Tukima's Dance           Hex            0%         N/A       75%         3
 Passage of Golubria      Tloc           0%         N/A       98%         4
 Yara's Violent Unravell  Hex/Alch       0%         3d3       100%        5


Dungeon Overview and Level Annotations

Branches:
Dungeon (7/15)
 Temple: D:4-7

Altars:
Trog

Annotations:
D:5 exclusion: iguana, Eustachio


Innate Abilities, Weirdness & Mutations

You cannot be hasted, slowed, berserked, paralysed or teleported.
You can dig through walls and to a lower floor.
You have a pair of large antennae on your head. (SInv)
Your four strong arms can wield two-handed weapons with a shield.


Message History

There is a stone staircase leading up here.
You climb upwards.
Level annotation: exclusion: iguana, Eustachio
There is a stone staircase leading down here.
Unknown command.
Found a stone staircase leading up.
You can't go up here!
There is a stone staircase leading up here.
You climb upwards.
The goblin shouts!
You hear a shout!
There is a stone staircase leading down here.
Unknown command.
You hit the goblin. You hit the goblin.
You kill the goblin!
No target in view!
Things that are here:
a +0 club; a goblin corpse An ogre comes into view.
It is wielding a +0 giant club.
Aiming: Mindburst
Press: ? - help, Shift-Dir - straight line, f - ogre
Aim: an ogre, wielding a +0 giant club (chance to affect: 64%)
The ogre struggles to resist.
The ogre hits you with a +0 giant club!
Aiming: Mindburst
Press: ? - help, Shift-Dir - straight line, f/p - ogre
Aim: an ogre, wielding a +0 giant club (chance to affect: 64%)
The ogre struggles to resist.
The ogre hits you with a +0 giant club!!
* * * LOW HITPOINT WARNING * * *
It was a potion of enlightenment.
You feel very buoyant.
You fly up into the air.
Unknown command.
The ogre attacks as it pursues you! The ogre closely misses you.
Things that are here:
a +0 club; a goblin corpse The ogre attacks as it pursues you!
The ogre hits you with a +0 giant club!!
You die...

#. .. ##.
#..##.
..#.#.
#....
#.###.#..
#...@.#.##
#..##O#..#
# #.
#.#..#!..#
#
#>........
#.....$...
#.........
#.........
#.........
#.........


You could see an ogre.

Vanquished Creatures
  Pikel (D:7)
  A centaur (D:6)
  A lemure (D:7)
  A jelly (D:7)
  2 iguanas
  6 adders (D:5)
  4 orcs
  A goblin (D:4)
17 creatures vanquished.

Notes
Turn   | Place    | Note
-------+----------+-------------------------------------------
     0 | D:5      | ragingrage the Formicid Delver began the quest for the Orb.
     0 | D:5      | Reached XP level 1. HP: 18/18 MP: 1/1
    57 | D:5      | Noticed an iguana
    80 | D:5      | Noticed an iguana
    81 | D:5      | Found a bloodstained altar of Trog.
   165 | D:7      | Noticed a lemure
   165 | D:7      | Noticed a lemure
   168 | D:7      | Noticed Pikel
   253 | D:6      | Noticed an iguana
   254 | D:6      | Noticed a hound
   263 | D:6      | Killed an iguana
   264 | D:6      | Reached XP level 2. HP: 8/24 MP: 2/2
   264 | D:6      | Reached XP level 3. HP: 10/29 MP: 3/3
   352 | D:6      | Noticed a centaur
   363 | D:6      | Killed a centaur
   364 | D:6      | Reached XP level 4. HP: 26/35 MP: 4/4
   364 | D:6      | Reached XP level 5. HP: 30/41 MP: 5/5
   594 | D:7      | Noticed a lemure
   595 | D:7      | Noticed a lemure
   615 | D:7      | Killed a lemure
   618 | D:7      | Killed Pikel
   619 | D:7      | Reached skill level 5 in Ranged Weapons
   619 | D:7      | Reached XP level 6. HP: 27/47 MP: 6/6
   619 | D:7      | Reached XP level 7. HP: 30/52 MP: 7/7
   897 | D:5      | Noticed Eustachio
   969 | D:4      | Mangled by an ogre

Illustrated notes

Levels and vault maps discovered:
D:4:      layout_basic, mainiacjoe_overflow_alcove_4, ebering_ghost_inner_flame,
          serial_glass, glass_columns_a, glass_columns_a, glass_columns_c,
          glass_columns_c, glass_columns_a, glass_columns_a, feat_on_display,
          minmay_checkerbox
D:5:      layout_loops_corners, mainiacjoe_overflow_chevrons,
          mainiacjoe_overflow_small_starburst, nicolae_half_adder,
          uniq_eustachio
D:6:      layout_gridville, makhleb_blood_cavern_becter,
          minmay_temple_entry_statues_fountains, kennysheep_nub,
          kennysheep_dice, uniq_duvessa
D:7:      layout_loops_corners, uniq_maggie, uniq_menkaure, uniq_pikel

Skill      XL: |  1  2  3  4  5  6  7 |
---------------+----------------------+-----
Short Blades   | 3 4 |  4.8
Ranged Weapons | 5 6 |  6.5
Fighting       | |  3.2
Dodging        | |  1.7
Stealth        | |  6.0

Action                     |  1- 3 |  4- 6 |  7- 9 || total
---------------------------+-------+-------+-------++-------
  Melee: Short sword       |     6 |    28 |     7 ||    41
   Fire: Orcbow            |       |       |     9 ||     9
  Evoke: Wand              |     3 |     6 |     2 ||    11
    Use: Potion            |       |       |     1 ||     1
   Stab: Sleeping          |     1 |       |     5 ||     6
 Armour: Leather armour    |     7 |    14 |       ||    21
         Robe              |       |       |     4 ||     4
  Dodge: Dodged            |     7 |    14 |     3 ||    24
  Block: Other             |       |     1 |       ||     1

Table legend: (Time is in decaauts)
 A = Elapsed time spent in this place.
 B = Non-inter-level travel time spent in this place.
 C = Inter-level travel time spent in this place.
 D = Time resting spent in this place.
 E = Time spent auto-exploring this place.
 F = Levels seen in this place.
 G = Mean time per level.
                   A        B        C        D        E       F      G
               +--------+--------+--------+--------+--------+-----+--------+
         Total |    958 |    922 |     36 |    284 |    226 |   4 |  239.5 |
       Dungeon |    958 |    922 |     36 |    284 |    226 |   4 |  239.5 |
               +--------+--------+--------+--------+--------+-----+--------+

Top non-repeatable levels by time:
     D:6: 353 daAuts
     D:7: 314 daAuts
     D:5: 279 daAuts
     D:4: 11 daAuts
